 Dungeon Crawl Stone Soup version 0.17.1-1-g73c8601 (webtiles) character file.

130 JustSomeDude the Insei (level 4, -2/37 HPs)
             Began as a Demonspawn Monk on Dec 29, 2015.
             Killed by nerve-wracking pain
             ... invoked by Grinder
              (7 damage)
             ... on level 3 of the Dungeon.
             The game lasted 00:04:16 (2663 turns).

JustSomeDude the Insei (Demonspawn Monk)            Turns: 2663, Time: 00:04:16

Health: -2/37      AC:  9    Str: 12    XL:     4   Next: 89%
Magic:  4/4        EV: 12    Int: 11    God:
Gold:   114        SH:  0    Dex: 16    Spells: 0 memorised, 3 levels left

rFire  . . .     SeeInvis .       - Unarmed
rCold  . . .     Clarity  .     c - +0 ring mail
rNeg   . . .     SustAt   .     (no shield)
rPois  .         Gourm    .     p - +1 helmet
rElec  .         Spirit   .     (no cloak)
rCorr  .         Warding  .     (no gloves)
rMut   .         Stasis   .     (no boots)
MR     .....                    (no amulet)
Stlth  +.........               (no ring)
                                (no ring)

@: not resistant to hostile enchantments, very unstealthy
A: yellow scales 1, powered by pain 1
a: no special abilities


You were on level 3 of the Dungeon.
You were not hungry.

You visited 1 branch of the dungeon, and saw 3 of its levels.

You collected 114 gold pieces.

Inventory:

Armour
 c - a +0 ring mail (worn)
 p - a +1 helmet (worn)
Scrolls
 a - a scroll of teleportation {unknown}
 e - 3 scrolls of identify {unknown}
 f - a scroll of recharging {unknown}
 h - 3 scrolls of remove curse {unknown}
 k - 2 scrolls of random uselessness {unknown}
 m - a scroll of fear {unknown}
 n - a scroll of enchant armour {unknown}
 o - a scroll of blinking {unknown}
Potions
 d - a potion of agility {unknown}
 g - a potion of brilliance {unknown}
 i - a potion of poison {unknown}
 j - 2 potions of resistance {unknown}
 l - 2 potions of curing {unknown}
 q - a potion of invisibility {unknown}
Comestibles
 b - 2 bread rations


   Skills:
 + Level 3.8 Fighting
 + Level 1.4 Armour
 + Level 3.6 Dodging
 + Level 1.9 Stealth
 + Level 4.1 Unarmed Combat


You had 3 spell levels left.
You didn't know any spells.

Dungeon Overview and Level Annotations

Branches:
Dungeon (3/15)

Altars:
Kikubaaqudgha

Annotations:
D:3 Grinder


Innate Abilities, Weirdness & Mutations

You are partially covered in yellow scales (AC +2).
You sometimes gain a little power by taking damage.


Message History

Grinder is nearby!
Grinder is nearby!
You are too injured to fight recklessly!
Grinder is nearby!
You are too injured to fight recklessly!
Grinder is nearby!
You are too injured to fight recklessly!
Grinder is nearby!
You are too injured to fight recklessly!
Grinder is nearby!
You are too injured to fight recklessly!
Grinder is nearby!
You are too injured to fight recklessly!
Grinder is nearby!
You are too injured to fight recklessly!
You completely miss Grinder.
Grinder is moderately wounded.
Grinder gestures at you. Pain shoots through your body!
You die...

##### ##...## ### #.....### ..##
#....... .#######...## #.....#
........5...# #.†.####.# ##@# .##
#.# ... #.## #.# # #.##.# #.#
#.######## ## #.#.# ## #.##
##.#......###. ###..###.###
##.###.##.####.#... ....##.....#
#.....##.###....#. ###..#.....##
#.#.#.##.##.......
#..........####.#.#.............
##..##...........#.#.##.####.#.##


You could see Grinder.

Vanquished Creatures
  Ijyb (D:3)
  3 adders
  2 oozes (D:3)
  A worm (D:2)
  3 giant geckos
  3 giant cockroaches
  7 goblins
  3 hobgoblins
  6 jackals
  2 quokkas
  11 bats
  5 giant newts
  8 kobolds
  6 rats
61 creatures vanquished.

Notes
Turn   | Place    | Note
--------------------------------------------------------------
     0 | D:1      | JustSomeDude the Demonspawn Monk began the quest for the Orb.
     0 | D:1      | Reached XP level 1. HP: 18/18 MP: 1/1
   441 | D:1      | Gained mutation: You sometimes gain a little power by taking damage. [demonic ancestry]
   441 | D:1      | Reached XP level 2. HP: 22/24 MP: 2/2
   850 | D:2      | Gained mutation: You are partially covered in yellow scales (AC +2). [demonic ancestry]
   850 | D:2      | Reached XP level 3. HP: 15/29 MP: 3/3
  1493 | D:2      | Found an ancient bone altar of Kikubaaqudgha.
  1503 | D:2      | Reached skill level 1 in Armour
  1503 | D:2      | Reached skill level 4 in Unarmed Combat
  1905 | D:3      | Reached XP level 4. HP: 28/35 MP: 4/4
  2049 | D:3      | Noticed Ijyb
  2076 | D:3      | Killed Ijyb
  2649 | D:3      | Noticed Grinder
  2663 | D:3      | Killed from afar by Grinder

Action                   |  1- 3 |  4- 6 || total
-------------------------+-------+-------++-------
Melee: Unarmed           |   194 |    84 ||   278
 Stab: Sleeping          |       |     1 ||     1
  Eat: Meat ration       |     1 |       ||     1
       Royal jelly       |     1 |       ||     1
